Map: Winter's Gate LE

Players

HeRoMaRinE

  • Race: Terran Terran
  • Spawn Location: 5:00

Classic - Winner!

  • Race: Protoss Protoss
  • Spawn Location: 11:00

Event: 2019 WCS Global FInals

VOD

Have the link to the VOD?

Description

Time

  • Played on: Oct. 26, 2019, 4:59 a.m.
  • Length: 8:53

All games in this series

Show
View Real Time Build Order
Export as new Build Order

HeRoMaRinE Terran 

Build Orders: Reaper Expand 

Get SALT Encoding   

  12  0:00  SCV  
  13  0:12  SCV  
  14  0:17  Supply Depot  
  14  0:25  SCV  
  15  0:39  SCV  
  15  0:41  Barracks  
  16  0:42  Refinery  
  16  0:51  SCV  
  17  1:03  SCV  
  18  1:15  SCV  
  19  1:27  Reaper, Orbital Command  
  20  1:43  Command Center  
  20  1:52  Supply Depot  
  20  1:53  SCV  
  21  1:59  Marine  
  22  2:05  SCV  
  23  2:12  Factory  
  23  2:17  SCV  
  23  2:21  Barracks Reactor  
  24  2:27  Barracks  
  24  2:29  SCV  
  25  2:38  Refinery  
  25  2:42  SCV  
  26  2:54  SCV  
  26  2:57  Widow Mine, Orbital Command  
  26  2:58  Marine x2  
  31  3:06  SCV, Starport  
  32  3:14  Marine  
  32  3:16  Marine x2  
  32  3:18  SCV  
  36  3:21  Widow Mine  
  36  3:24  SCV  
  39  3:29  Supply Depot  
  39  3:30  SCV  
  40  3:36  SCV  
  40  3:37  Barracks Tech Lab  
  40  3:38  Marine x2  
  43  3:42  SCV  
  43  3:47  Medivac  
  46  3:49  Refinery  
  46  3:50  SCV  
  46  3:53  Supply Depot  
  46  3:54  SCV  
  48  3:57  Factory Tech Lab  
  48  3:59  Stimpack  
  48  4:01  Marine  
  48  4:02  Marine, SCV  
  50  4:06  SCV  
  50  4:07  Marine  
  53  4:13  Supply Depot  
  53  4:15  SCV  
  54  4:18  SCV  
  54  4:22  Siege Tank  
  58  4:25  Barracks, Starport Reactor  
  58  4:27  SCV  
  59  4:32  Engineering Bay  
  59  4:33  SCV  
  59  4:36  Marine x2  
  59  4:38  Marine  
  63  4:39  SCV  
  63  4:45  SCV  
  65  4:50  Supply Depot  
  65  4:51  SCV  
  66  4:56  Marauder  
  66  4:57  Marine x2  
  66  4:59  Terran Infantry Weapons Level 1  
  70  5:01  Refinery  
  70  5:11  Siege Tank, SCV x2  
  73  5:15  Marine x2  
  73  5:18  Marauder  
  73  5:19  Supply Depot  
  73  5:21  Starport Reactor, Supply Depot  
  75  5:22  Marine x2  
  75  5:26  Supply Depot  
  77  5:28  SCV  
  78  5:38  Combat Shield, Marine x2  
  78  5:41  Supply Depot, Marine x2, SCV  
  78  5:42  Marauder  
  83  5:46  Siege Tank  
  86  5:56  Marine x2  
  88  5:58  Marine x2  
  88  6:01  Medivac  
  88  6:02  Medivac  
  88  6:04  Marauder  
  96  6:12  Supply Depot  
  96  6:14  Marine x2  
  96  6:18  SCV x2  
  100  6:25  Marauder  
  101  6:31  Concussive Shells, Marauder  
  101  6:32  Widow Mine x2  
  107  6:33  Marine x2  
  107  6:35  Supply Depot  
  107  6:37  Medivac x2  
  113  6:46  Marauder  
  115  6:50  Marine  
  115  6:51  Marine  
  115  6:52  SCV x2, Marauder  
  115  6:53  Terran Infantry Armor Level 1  
  116  7:03  Widow Mine  
  116  7:04  Widow Mine  
  116  7:07  Medivac x2  
  116  7:08  Marine, Marauder  
  126  7:09  Marine  
  126  7:13  Command Center  
  126  7:14  Marauder  
  130  7:26  Marine x2  
  130  7:27  Widow Mine  
  134  7:33  Widow Mine  
  134  7:35  Marauder x2  
  124  7:39  SCV x2  
  104  7:44  Marine x2  
  104  7:51  Widow Mine, Barracks x2  
  104  7:54  Widow Mine  
  104  7:56  Marauder  
  104  7:57  Marauder  
  112  8:01  SCV x2  
  112  8:04  Marine x2  
  106  8:13  SCV x2  
  106  8:18  Widow Mine, Marauder x2  
  100  8:21  Marine  
  100  8:22  Marine  
  100  8:25  SCV x2  
Show
View Real Time Build Order
Export as new Build Order

Classic Protoss - Winner!

Build Orders: 1 Gate Expand, Phoenix Opening, Blink Stalkers 

Get SALT Encoding   

  12  0:00  Probe  
  13  0:12  Probe  
  14  0:17  Pylon  
  14  0:24  Probe (Chrono Boost)  
  15  0:36  Probe (Chrono Boost)  
  15  0:37  Gateway  
  16  0:44  Probe (Chrono Boost)  
  16  0:45  Assimilator  
  17  0:51  Probe  
  18  1:03  Probe  
  19  1:15  Probe  
  20  1:23  Nexus  
  20  1:32  Cybernetics Core  
  20  1:36  Probe  
  21  1:41  Assimilator  
  21  1:48  Probe  
  21  1:51  Pylon  
  22  2:00  Probe  
  23  2:06  Adept (Chrono Boost)  
  23  2:10  Warp Gate  
  23  2:12  Probe  
  26  2:24  Probe  
  26  2:29  Sentry  
  29  2:35  Probe (Chrono Boost)  
  29  2:36  Probe (Chrono Boost)  
  31  2:39  Twilight Council  
  32  2:45  Probe x2 (Chrono Boost)  
  32  2:50  Probe x2 (Chrono Boost)  
  33  2:55  Stalker  
  37  3:00  Gateway  
  37  3:02  Phoenix, Probe  
  37  3:03  Probe  
  39  3:11  Blink (Chrono Boost)  
  39  3:14  Probe  
  39  3:15  Probe  
  41  3:26  Pylon, Probe  
  42  3:27  Probe  
  42  3:29  Stalker  
  45  3:39  Robotics Facility, Probe  
  46  3:43  Assimilator  
  46  3:44  Probe  
  46  3:46  Pylon  
  47  3:51  Probe  
  48  3:56  Probe  
  49  4:03  Nexus  
  49  4:08  Stalker  
  49  4:09  Stalker  
  53  4:15  Probe x2  
  53  4:16  Pylon  
  55  4:22  Forge  
  55  4:26  Observer  
  55  4:27  Probe x2  
  58  4:31  Stalker  
  58  4:33  Stalker  
  58  4:38  Protoss Ground Armor Level 1  
  62  4:39  Probe x2  
  62  4:42  Pylon  
  64  4:48  Observer  
  64  4:51  Probe  
  64  4:52  Probe  
  67  4:57  Stalker  
  69  5:03  Stalker  
  69  5:04  Probe x2  
  73  5:15  Probe  
  73  5:16  Probe x2, Charge  
  73  5:18  Gateway x2  
  76  5:26  Gateway  
  76  5:32  Probe x3  
  77  5:38  Observer  
  77  5:42  Gateway  
  77  5:44  Gateway x2  
  77  5:46  Immortal (Chrono Boost)  
  81  5:52  Sentry x2  
  81  5:53  Pylon  
  81  5:56  Pylon  
  85  6:03  Pylon  
  85  6:05  Pylon  
  85  6:10  Pylon  
  85  6:14  Sentry  
  85  6:15  Zealot x3  
  85  6:16  Immortal (Chrono Boost)  
  96  6:25  Probe  
  96  6:29  Zealot  
  96  6:32  Photon Cannon  
  99  6:33  Pylon  
  99  6:38  Zealot  
  99  6:39  Zealot x5  
  111  6:41  Zealot  
  113  7:01  Warp Prism (Chrono Boost)  
  107  7:02  Zealot x5  
  107  7:03  Zealot x3  
  125  7:12  Pylon  
  128  7:24  Zealot x7  
  128  7:26  Zealot  
  105  7:46  Assimilator  
  105  7:47  Probe x2  
  105  7:48  Assimilator, Probe, Templar Archives  
  104  7:55  Zealot x2  
  104  7:56  Zealot x6  
  118  8:04  Immortal  
  120  8:19  Zealot x8  
  110  8:31  Probe x3  
  91  8:39  Robotics Bay  
  85  8:42  Assimilator  
  85  8:48  Sentry x4  
Tags
 
Add a new tag
Caveats
  • Supply blocks, unpowered buildings, or Contaminate may cause inaccurate times.
  • Supply counts are checked every 10 seconds.